 Dungeon Crawl Stone Soup version 0.26.1-11-gd32895ea62 (webtiles) character file.

Game seed: 14507843387277663264

198 Almogavar the Conjurer (level 5, -6/38 HPs)
             Began as a Draconian Conjurer on May 23, 2021.
             Was a Follower of Nemelex Xobeh.
             Killed by divine providence
             ... invoked by an orc priest
              (10 damage)
             ... on level 3 of the Dungeon.
             The game lasted 00:11:20 (3515 turns).

Almogavar the Conjurer (Draconian Conjurer)         Turns: 3515, Time: 00:11:21

Health: -6/38      AC:  5    Str: 10    XL:     5   Next: 47%
Magic:  0/10       EV: 12    Int: 25    God:    Nemelex Xobeh [*.....]
Gold:   119        SH:  0    Dex:  9    Spells: 8/11 levels left

rFire    . . .     SeeInvis .   l - +2 dagger (drain)
rCold    . . .     Faith    .   (no shield)
rNeg     . . .     Spirit   .   (armour unavailable)
rPois    .         Reflect  .   (helmet restricted)
rElec    .         Harm     .   (no cloak)
rCorr    .         Rampage  .   (no gloves)
Will     .....                  (no boots)
Stlth    ++........             (no amulet)
HPRegen  0.12/turn              k - +6 ring of intelligence
MPRegen  0.12/turn              (no ring)

@: flying
A: unfitting armour, cold-blooded, AC +5
a: Renounce Religion, Draw Escape, Draw Destruction, Draw Summoning


You were on level 3 of the Dungeon.
You worshipped Nemelex Xobeh.
Nemelex Xobeh was aware of your devotion.
You visited 1 branch of the dungeon, and saw 3 of its levels.

You collected 119 gold pieces.

Inventory:

Hand Weapons
 l - a +2 dagger of draining (weapon)
Armour
 e - a +0 buckler
Jewellery
 k - a +6 ring of intelligence (left hand)
 m - an uncursed ring of flight {unknown}
Scrolls
 a - a scroll of remove curse
 b - a scroll of fear
 c - a scroll of fog
 d - a scroll of noise {unknown}
Potions
 f - a potion of heal wounds {unknown}
 g - a potion of lignification {unknown}
 h - a potion of mutation {unknown}
 i - a potion of curing
 j - a potion of flight


   Skills:
 + Level 0.1 Fighting
 + Level 2.0 Dodging
 + Level 2.2 Stealth
 + Level 3.6 Spellcasting
 + Level 5.5 Conjurations


You had 8 spell levels left.
You knew the following spells:

 Your Spells              Type           Power        Failure   Level
a - Magic Dart            Conj           100%         1%          1
b - Searing Ray           Conj           64%          1%          2

Your spell library contained the following spells:

 Spells                   Type           Power        Failure   Level
 Dazzling Flash           Conj/Hex       36%          9%          3
 Fulminant Prism          Conj/Hex       9%           30%         4
 Iskenderun's Mystic Bla  Conj/Tloc      18%          30%         4


Dungeon Overview and Level Annotations

Branches:
Dungeon (3/15)

Altars:
Nemelex Xobeh
Qazlal


Innate Abilities, Weirdness & Mutations

Your plain brown scales are hard. (AC +5)
You cannot fit into any form of body armour.
You are cold-blooded and may be slowed by cold attacks.


Message History

* * * LOW HITPOINT WARNING * * *
Casting: Magic Dart (safe; 1% risk of failure)
Confirm with . or Enter, or press ? or * to list all spells.
Aiming: Searing Ray (safe; 1% risk of failure)
Press: ? - help, Shift-Dir - straight line, f/p - orc priest
Aim: an orc priest, wielding a +0 trident and wearing a +0 leather armour (heavily drained, 19% to evade)
The searing ray hits the orc.
The orc is moderately wounded.
The searing ray hits the orc priest.
The orc priest is moderately wounded. (Press . to maintain the ray.)
The searing ray hits the orc!
You kill the orc!
The searing ray hits the orc priest.
The orc priest is severely wounded.
The orc priest seems less drained.
The orc priest calls down the wrath of Beogh upon you.
Beogh smites you!
You die...
Your body disappears without a glow.

# #.##..................#
#### #
#....######...##......# #
###### ##..##......#
########### #..##......#
.#....(...# ##.##......#
..........# ##>##......#
.#........# #....รท..)..#
........).#######.....######
..#.########.o.)@.....#
..#.# ###.####.....#
..#.######...####.....#
<...#.....o.)..########
#####..........#
####...............
)o.#...o.......###.
##o#..............
#.#...........###


You could see an orc priest.

Vanquished Creatures
  A hound (D:3)
  An orc wizard (D:3)
  An iguana (D:3)
  4 adders
  An ooze (D:2)
  2 dart slugs
  3 leopard geckos
  4 orcs (D:3)
  A bat (D:1)
  3 giant cockroaches
  5 goblins
  10 hobgoblins
  7 jackals
  A quokka (D:3)
  A ball python (D:3)
  5 frilled lizards
  8 kobolds
  3 rats
61 creatures vanquished.

Vanquished Creatures (others)
  3 plants (D:2)
3 creatures vanquished.

Grand Total: 64 creatures vanquished

Notes
Turn   | Place    | Note
-------+----------+-------------------------------------------
     0 | D:1      | Almogavar the Draconian Conjurer began the quest for the
                  | Orb.
     0 | D:1      | Reached XP level 1. HP: 14/14 MP: 3/3
   248 | D:1      | Reached XP level 2. HP: 20/20 MP: 0/5
   745 | D:1      | Learned a level 2 spell: Searing Ray
  1038 | D:1      | Reached XP level 3. HP: 26/26 MP: 3/6
  1303 | D:2      | Found a sparkling altar of Nemelex Xobeh.
  1342 | D:2      | Became a worshipper of Nemelex Xobeh the Trickster
  2579 | D:2      | Reached * piety under Nemelex Xobeh
  2703 | D:3      | Reached skill level 5 in Conjurations
  2703 | D:3      | Reached XP level 4. HP: 33/33 MP: 1/8
  3057 | D:3      | Reached XP level 5. HP: 18/38 MP: 0/9
  3324 | D:3      | Found a stormy altar of Qazlal.
  3515 | D:3      | Killed from afar by an orc priest

Illustrated notes

Levels and vault maps discovered:
D:1:      lemuel_arrival_behind_the_door_large, layout_loops_ring,
          minmay_box_of_dots
D:2:      layout_basic, lemuel_crystal_altar, serial_forest,
          infiniplex_forest_straight_2, infiniplex_forest_lined_room_,
          infiniplex_forest_clump_curved, infiniplex_forest_clump_double,
          infiniplex_forest_clump_medium, infiniplex_forest_clump_medium,
          minmay_misc_feat_rugged
D:3:      layout_basic, lemuel_doored_altar, chequers_ecumenical_altar_twisty,
          grunt_qazlal_clouds

Skill      XL: |  1  2  3  4 |
---------------+-------------+-----
Stealth        | 2 |  2.2
Dodging        | 2 |  2.0
Conjurations   | 5 |  5.5
Spellcasting   | 3 |  3.6
Fighting       | |  0.1

Action                   |  1- 3 |  4- 6 || total
-------------------------+-------+-------++-------
Melee: Dagger            |    41 |    13 ||    54
       Unarmed           |     1 |       ||     1
       Tailslap          |     3 |       ||     3
 Cast: Magic Dart        |    57 |    27 ||    84
       Searing Ray       |     7 |     8 ||    15
  Use: Scroll            |     3 |     1 ||     4
       Potion            |       |     1 ||     1
Armor: Skin              |    26 |     3 ||    29
Dodge: Dodged            |    28 |     6 ||    34
